Stars vs Flyers
(R1)
Created - November 26, 2017 at 09:39
Goals
|
| Stars |
0 |
1 |
1 |
2 |
| Flyers |
1 |
2 |
0 |
3 |
|
Shots
|
| Stars |
9 |
13 |
6 |
28 |
| Flyers |
4 |
11 |
8 |
23 |
|
1st period
1. Flyers , Chris Kreider 6 (Jonathan Ericsson 6, Kyle Wellwood 6) at 16:52
Penalties :
Matthew Lombardi (Phi) for Boarding (Major) at 1:03, Jeff Woywitka (Phi) for Hooking (Minor) at 10:22
2nd period
2. Stars , Jussi Jokinen 7 (Ryan Getzlaf 11, Michael Frolik 11) at 1:02
3. Flyers , Jakub Voracek 9 (Jonathan Ericsson 7, Jeff Carter 17) at 1:08
4. Flyers , Jeff Woywitka 4 (Jeff Carter 18, Jakub Voracek 17) at 3:36
Penalties :
Shaone Morrisonn (Dal) for Slashing (Minor) at 4:58, Andrei Markov (Dal) for Cross-checking (Minor) at 9:48, Matt Cooke (Dal) for Hooking (Minor) at 14:13, Jakub Voracek (Phi) for Interference (Minor) at 18:22
3rd period
5. Stars , Jussi Jokinen 8 (Michael Frolik 12) at 1:46
Penalties :
Dany Heatley (Phi) for High sticking (Minor) at 3:39, Trevor Daley (Dal) for Hooking (Minor) at 7:55, Wayne Simmonds (Phi) for Holding (Minor) at 17:22
Goalie Stats
Miika Kiprusoff (Dal), 20 saves from 23 shots - (0.870), L, 0-5-0, 59:46 minutes
Cory Schneider (Phi), 26 saves from 28 shots - (0.929), W, 5-4-3, 60:00 minutes
Players Stats for Stars
Player Name G A P +/- PIM S H SB GA TA FO MP PP MP PK MP
------------------------------------------------------------------------------------
Andrei Markov 0 0 0 1 2 0 1 0 0 1 0/0 20:16 5:39 2:24
Brian Lee 0 0 0 0 0 1 1 0 0 0 0/0 19:34 5:31 0:01
Daniel Cleary 0 0 0 0 0 1 1 1 1 0 0/0 10:54 1:15 4:42
Dustin Penner 0 0 0 0 0 1 3 0 0 0 0/0 10:02 1:11 3:01
Evgeny Artyukhin 0 0 0 0 0 0 1 0 1 0 0/0 9:14 0:00 0:00
John Tavares 0 0 0 -1 0 5 3 0 2 3 10/25 21:23 6:21 1:18
Johnny Oduya 0 0 0 1 0 0 0 2 0 0 0/0 19:04 1:47 4:51
Jussi Jokinen 2 0 2 0 0 2 2 0 0 1 0/1 16:03 5:14 0:13
Matt Cooke 0 0 0 0 2 1 1 2 0 0 0/0 11:03 1:11 0:00
Michael Frolik 0 2 2 0 0 1 1 1 2 1 1/1 16:38 6:21 0:00
Michal Handzus 0 0 0 0 0 0 1 0 0 0 7/16 14:53 0:26 4:43
Radim Vrbata 0 0 0 -1 0 1 3 0 0 0 0/1 18:51 5:14 0:00
Raphael Diaz 0 0 0 -2 0 2 2 1 0 1 0/0 19:54 4:24 3:04
Rickard Wallin 0 0 0 0 0 0 1 0 0 0 0/2 4:59 0:00 0:00
Ryan Getzlaf 0 1 1 0 0 4 1 0 0 0 4/11 17:39 5:10 1:55
Scott Hartnell 0 0 0 -1 0 7 0 0 1 0 0/0 20:01 6:22 0:00
Shaone Morrisonn 0 0 0 -2 2 1 1 0 0 0 0/0 16:09 1:10 3:23
Trevor Daley 0 0 0 0 2 1 6 1 0 1 0/0 25:23 7:19 2:09
Players Stats for Flyers
Player Name G A P +/- PIM S H SB GA TA FO MP PP MP PK MP
------------------------------------------------------------------------------------
Alex Killorn 0 0 0 0 0 0 0 0 0 0 0/0 2:52 0:00 0:07
Brian Lashoff 0 0 0 -1 0 0 0 0 0 0 0/0 10:52 0:00 1:22
Cam Fowler 0 0 0 -1 0 0 0 0 0 0 0/0 9:30 0:00 0:00
Chris Kreider 1 0 1 -1 0 5 2 0 1 0 0/1 20:30 3:45 4:55
Dany Heatley 0 0 0 2 2 0 0 1 1 0 0/2 23:00 4:11 5:06
Jakub Voracek 1 1 2 2 2 2 2 0 1 0 2/2 17:55 4:11 0:00
Jean-Gabriel Pageau 0 0 0 0 0 0 0 0 0 0 0/0 4:02 0:00 1:05
Jeff Carter 0 2 2 2 0 1 2 1 0 3 20/31 24:29 4:10 6:04
Jeff Woywitka 1 0 1 3 2 2 1 2 1 2 0/0 26:50 5:26 5:42
Jonathan Ericsson 0 2 2 3 0 2 0 1 1 1 0/0 25:55 5:26 7:00
Kyle Wellwood 0 1 1 -1 0 2 2 0 0 0 6/10 19:12 3:45 3:48
Matthew Lombardi 0 0 0 0 5 4 3 0 0 0 7/10 11:26 0:00 0:00
Nathan Paetsch 0 0 0 -1 0 1 2 1 1 0 0/0 22:03 2:30 5:13
Rostislav Olesz 0 0 0 0 0 1 0 0 2 0 0/0 12:56 0:01 1:50
Stefan Ruzicka 0 0 0 0 0 2 0 1 0 1 0/0 14:30 0:00 2:55
Stephane Robidas 0 0 0 -1 0 1 2 2 0 0 0/0 22:03 2:30 5:13
Victor Bartley 0 0 0 0 0 0 0 0 0 0 0/0 3:10 0:00 1:20
Wayne Simmonds 0 0 0 -1 2 0 0 0 0 0 0/1 15:45 3:45 0:00
3 Stars
1 - Jussi Jokinen (Dal)
2 - Jakub Voracek (Phi)
3 - Jonathan Ericsson (Phi)
Power Play
Stars - 0 on 5 Attempt(s) - 0.00%
Flyers - 0 on 4 Attempt(s) - 0.00%
Penalty Kill
Stars - 4 on 4 Attempt(s) - 100.00%
- Score 0 goal in Penalty Kill
Flyers - 5 on 5 Attempt(s) - 100.00%
- Score 0 goal in Penalty Kill
Team Stat
Stars - Hits : 29 - Faceoff Wins : 22 - Blocked Shots : 8 - Penalty Minutes : 8
Flyers - Hits : 16 - Faceoff Wins : 35 - Blocked Shots : 9 - Penalty Minutes : 13
Official
Referees : Furlatt Eric and Auger Stephane
Linesman : Steve Barton and Tim Nowak
Game Notes
3:36 of 2nd period - Flyers goal is going for a video replay. After video review, Goal.
Brian Lee is injured at 14:06 of 3rd period (Sprained Right Finger)
Finance
Level 1 -- Attendance: 5337 (88.95%) -- Ticket Income $480,330
Level 2 -- Attendance: 5000 (100.00%) -- Ticket Income $275,000
Level 3 -- Attendance: 1949 (97.45%) -- Ticket Income $68,215
Level 4 -- Attendance: 3385 (84.63%) -- Ticket Income $84,625
Luxury Box -- Attendance: 746 (74.60%) -- Ticket Income $123,090
Game was played at the Wells Fargo Center.
Total Attendance: 16417 (91.21%)
Total Ticket Income: $1,031,260
Other Income: $154,689
Total Income: $1,185,949
Stars
5 vs 5 Forward
Center Left Wing Right Wing Time % Phy DF OF
1 John Tavares Scott Hartnell Radim Vrbata 38 0 2 3
2 Ryan Getzlaf Jussi Jokinen Michael Frolik 28 0 2 3
3 Michal Handzus Matt Cooke Evgeny Artyukhin 22 1 2 2
4 Rickard Wallin Dustin Penner Daniel Cleary 12 1 2 2
5 vs 5 Defense
Defense Defense Time % Phy DF OF
1 Trevor Daley Brian Lee 40 1 2 2
2 Johnny Oduya Andrei Markov 30 1 2 2
3 Raphael Diaz Shaone Morrisonn 30 1 2 2
4 Johnny Oduya Brian Lee 0 1 2 2
PowerPlay Forward
Center Left Wing Right Wing Time % Phy DF OF
1 John Tavares Scott Hartnell Michael Frolik 60 0 1 4
2 Ryan Getzlaf Jussi Jokinen Radim Vrbata 40 0 1 4
PowerPlay Defense
Defense Defense Time % Phy DF OF
1 Trevor Daley Brian Lee 60 0 2 3
2 Trevor Daley Andrei Markov 40 0 2 3
Penalty Kill 4 Players Forward
Center Wing Time % Phy DF OF
1 Michal Handzus Daniel Cleary 60 0 3 2
2 Ryan Getzlaf Dustin Penner 40 0 3 2
Penalty Kill 4 Players Defense
Defense Defense Time % Phy DF OF
1 Johnny Oduya Shaone Morrisonn 60 0 3 2
2 Raphael Diaz Andrei Markov 40 0 3 2
Penalty Kill - 3 Players Forward
Forward Time % Phy DF OF
1 Michal Handzus 60 0 3 2
2 Rickard Wallin 40 0 3 2
Penalty Kill - 3 Players Defense
Defense Defense Time % Phy DF OF
1 Johnny Oduya Brian Lee 60 1 2 2
2 Trevor Daley Andrei Markov 40 1 2 2
4 vs 4 Forward
Center Wing Time % Phy DF OF
1 Trevor Daley Scott Hartnell 60 1 2 2
2 Jussi Jokinen Michael Frolik 40 1 2 2
4 vs 4 Defense
Defense Defense Time % Phy DF OF
1 Johnny Oduya Brian Lee 60 1 2 2
2 Trevor Daley Andrei Markov 40 1 2 2
Last Minutes Offensive
Center Left Wing Right Wing Defense Defense
John Tavares Scott Hartnell Michael Frolik Johnny Oduya Brian Lee
Last Minutes Defensive
Center Left Wing Right Wing Defense Defense
John Tavares Scott Hartnell Michael Frolik Johnny Oduya Brian Lee
Goaltenders
Starting : Miika Kiprusoff
Backup : Pascal Leclaire
Extra Forwards
Normal : Matt Cooke, Dustin Penner, Michal Handzus - PP : Matt Cooke, Dustin Penner - PK : Michal Handzus
Extra Defensemen
Normal : Raphael Diaz, Shaone Morrisonn, Trevor Daley - PP : Raphael Diaz - PK : Shaone Morrisonn, Trevor Daley
Penalty Shots
John Tavares, Scott Hartnell, Jussi Jokinen, Michael Frolik, Ryan Getzlaf
Scratches
None
Flyers
5 vs 5 Forward
Center Left Wing Right Wing Time % Phy DF OF
1 Jeff Carter Dany Heatley Jakub Voracek 40 1 2 2
2 Kyle Wellwood Chris Kreider Wayne Simmonds 30 1 2 2
3 Matthew Lombardi Rostislav Olesz Stefan Ruzicka 20 1 2 2
4 Jean-Gabriel Pageau Alex Killorn Jeff Carter 10 1 2 2
5 vs 5 Defense
Defense Defense Time % Phy DF OF
1 Jeff Woywitka Jonathan Ericsson 40 1 2 2
2 Stephane Robidas Nathan Paetsch 30 1 2 2
3 Cam Fowler Brian Lashoff 20 1 2 2
4 Victor Bartley Jeff Woywitka 10 1 2 2
PowerPlay Forward
Center Left Wing Right Wing Time % Phy DF OF
1 Jeff Carter Dany Heatley Jakub Voracek 60 1 2 2
2 Kyle Wellwood Chris Kreider Wayne Simmonds 40 1 2 2
PowerPlay Defense
Defense Defense Time % Phy DF OF
1 Jeff Woywitka Jonathan Ericsson 60 1 2 2
2 Stephane Robidas Nathan Paetsch 40 1 2 2
Penalty Kill 4 Players Forward
Center Wing Time % Phy DF OF
1 Jeff Carter Dany Heatley 60 1 2 2
2 Kyle Wellwood Chris Kreider 40 1 2 2
Penalty Kill 4 Players Defense
Defense Defense Time % Phy DF OF
1 Jeff Woywitka Jonathan Ericsson 60 1 2 2
2 Stephane Robidas Nathan Paetsch 40 1 2 2
Penalty Kill - 3 Players Forward
Forward Time % Phy DF OF
1 Jeff Carter 60 1 2 2
2 Dany Heatley 40 1 2 2
Penalty Kill - 3 Players Defense
Defense Defense Time % Phy DF OF
1 Jeff Woywitka Jonathan Ericsson 60 1 2 2
2 Stephane Robidas Nathan Paetsch 40 1 2 2
4 vs 4 Forward
Center Wing Time % Phy DF OF
1 Jeff Carter Dany Heatley 60 1 2 2
2 Kyle Wellwood Chris Kreider 40 1 2 2
4 vs 4 Defense
Defense Defense Time % Phy DF OF
1 Jeff Woywitka Jonathan Ericsson 60 1 2 2
2 Stephane Robidas Nathan Paetsch 40 1 2 2
Last Minutes Offensive
Center Left Wing Right Wing Defense Defense
Jeff Carter Dany Heatley Jakub Voracek Jeff Woywitka Jonathan Ericsson
Last Minutes Defensive
Center Left Wing Right Wing Defense Defense
Jeff Carter Dany Heatley Jakub Voracek Jeff Woywitka Jonathan Ericsson
Goaltenders
Starting : Cory Schneider
Backup : Steve Mason
Extra Forwards
Normal : Rostislav Olesz, Matthew Lombardi, Stefan Ruzicka - PP : Rostislav Olesz, Matthew Lombardi - PK : Stefan Ruzicka
Extra Defensemen
Normal : Cam Fowler, Brian Lashoff, Victor Bartley - PP : Cam Fowler - PK : Brian Lashoff, Victor Bartley
Penalty Shots
Jeff Carter, Dany Heatley, Kyle Wellwood, Chris Kreider, Jakub Voracek
Scratches
Alexei Morozov (Suspend), Marcus Kruger (Left Eye Injury), Matt Smaby (Strained Back Injury)
% Time on Ice - Stars
Lines # - Real PCT - Wanted PCT - Time Play
Normal Forward
1 - 36% - 38% - 13:59
2 - 27% - 28% - 10:34
3 - 23% - 22% - 9:03
4 - 13% - 12% - 4:59
Normal Defense
1 - 42% - 40% - 16:08
2 - 31% - 30% - 11:54
3 - 27% - 30% - 10:17
4 - 1% - 0% - 0:16
PP Forward
1 - 57% - 60% - 7:19
2 - 43% - 40% - 5:36
PP Defense
1 - 66% - 60% - 8:30
2 - 34% - 40% - 4:25
PK Forward
1 - 76% - 60% - 6:01
2 - 24% - 40% - 1:55
PK Defense
1 - 61% - 60% - 4:52
2 - 39% - 40% - 3:04
PK3 Forward
1 - 0% - 60%
2 - 0% - 40%
PK3 Defense
1 - 0% - 60%
2 - 0% - 40%
44 Forward
1 - 0% - 60%
2 - 0% - 40%
44 Defense
1 - 0% - 60%
2 - 0% - 40%
Last Minute Offensive - 0:34
Last Minute Defensive - 0:00
Total
Forward - 60:00
Defense - 60:00
|
% Time on Ice - Flyers
Lines # - Real PCT - Wanted PCT - Time Play
Normal Forward
1 - 35% - 40% - 13:20
2 - 31% - 30% - 11:48
3 - 28% - 20% - 10:45
4 - 7% - 10% - 2:45
Normal Defense
1 - 35% - 40% - 13:29
2 - 36% - 30% - 13:49
3 - 25% - 20% - 9:30
4 - 5% - 10% - 1:50
PP Forward
1 - 53% - 60% - 4:11
2 - 47% - 40% - 3:45
PP Defense
1 - 68% - 60% - 5:26
2 - 32% - 40% - 2:30
PK Forward
1 - 71% - 60% - 9:10
2 - 29% - 40% - 3:45
PK Defense
1 - 60% - 60% - 7:42
2 - 40% - 40% - 5:13
PK3 Forward
1 - 0% - 60%
2 - 0% - 40%
PK3 Defense
1 - 0% - 60%
2 - 0% - 40%
44 Forward
1 - 0% - 60%
2 - 0% - 40%
44 Defense
1 - 0% - 60%
2 - 0% - 40%
Last Minute Offensive - 0:00
Last Minute Defensive - 0:31
Total
Forward - 60:00
Defense - 60:00
|
Play by Play
1st period
0:01 of 1st period - Jeff Carter wins face-off versus John Tavares in neutral zone.
0:34 of 1st period - Michael Frolik is hit by Kyle Wellwood and loses puck.
1:03 of 1st period - Major Penalty to Matthew Lombardi for Boarding.
1:04 of 1st period - Jeff Carter wins face-off versus John Tavares in Flyers zone.
1:15 of 1st period - Slapshot by John Tavares.
1:15 of 1st period - Shot Blocked by Dany Heatley.
1:21 of 1st period - Snap shot by Scott Hartnell.
1:21 of 1st period - Stopped by Cory Schneider with a rebound.
1:35 of 1st period - Jeff Woywitka is hit by Radim Vrbata and loses puck.
3:34 of 1st period - Slapshot by Brian Lee.
3:34 of 1st period - Stopped by Cory Schneider with a rebound.
5:54 of 1st period - Jeff Woywitka is hit by Radim Vrbata and loses puck.
6:03 of 1st period - Penalty to Matthew Lombardi is over, Matthew Lombardi is back on ice.
7:09 of 1st period - Icing by Kyle Wellwood.
7:10 of 1st period - Michal Handzus wins face-off versus Chris Kreider in Flyers zone.
7:27 of 1st period - Backhand shot by Stefan Ruzicka.
7:27 of 1st period - Stopped by Miika Kiprusoff with a rebound.
7:40 of 1st period - Icing by Scott Hartnell.
7:41 of 1st period - Jeff Carter wins face-off versus Michal Handzus in Stars zone.
7:44 of 1st period - Slapshot by Jakub Voracek.
7:44 of 1st period - Shot Misses the Net.
7:58 of 1st period - Stephane Robidas is hit by Trevor Daley and loses puck.
8:37 of 1st period - Slapshot by Stefan Ruzicka.
8:37 of 1st period - Stopped by Miika Kiprusoff without a rebound.
8:38 of 1st period - Jeff Carter wins face-off versus Ryan Getzlaf in Stars zone.
9:17 of 1st period - Slapshot by Scott Hartnell.
9:17 of 1st period - Shot Misses the Net.
9:36 of 1st period - Snap shot by Rostislav Olesz.
9:36 of 1st period - Shot Blocked by Trevor Daley.
9:44 of 1st period - Icing by Cam Fowler.
9:45 of 1st period - Matthew Lombardi wins face-off versus John Tavares in Flyers zone.
9:52 of 1st period - Snap shot by John Tavares.
9:52 of 1st period - Stopped by Cory Schneider with a rebound.
9:54 of 1st period - Snap shot by Scott Hartnell.
9:54 of 1st period - Stopped by Cory Schneider with a rebound.
10:22 of 1st period - Minor Penalty to Jeff Woywitka for Hooking.
10:23 of 1st period - Jeff Carter wins face-off versus John Tavares in Flyers zone.
11:08 of 1st period - Dany Heatley is hit by Trevor Daley and loses puck.
12:22 of 1st period - Penalty to Jeff Woywitka is over, Jeff Woywitka is back on ice.
12:38 of 1st period - Nathan Paetsch is hit by Daniel Cleary and loses puck.
13:07 of 1st period - Off-side.
13:08 of 1st period - Matthew Lombardi wins face-off versus Ryan Getzlaf in neutral zone.
13:29 of 1st period - Snap shot by Kyle Wellwood.
13:29 of 1st period - Shot Misses the Net.
13:31 of 1st period - Wrist shot by Chris Kreider.
13:31 of 1st period - Stopped by Miika Kiprusoff without a rebound.
13:32 of 1st period - Kyle Wellwood wins face-off versus John Tavares in Stars zone.
13:35 of 1st period - Snap shot by Kyle Wellwood.
13:35 of 1st period - Shot Misses the Net.
13:43 of 1st period - Snap shot by Scott Hartnell.
13:43 of 1st period - Shot Misses the Net.
13:45 of 1st period - Slapshot by Shaone Morrisonn.
13:45 of 1st period - Stopped by Cory Schneider without a rebound.
13:46 of 1st period - Jeff Carter wins face-off versus John Tavares in Flyers zone.
14:11 of 1st period - Kyle Wellwood is hit by Trevor Daley and loses puck.
14:20 of 1st period - Snap shot by Ryan Getzlaf.
14:20 of 1st period - Stopped by Cory Schneider without a rebound.
14:21 of 1st period - Jakub Voracek wins face-off versus John Tavares in Flyers zone.
15:56 of 1st period - Brian Lee is hit by Chris Kreider.
16:03 of 1st period - Icing by Brian Lee.
16:04 of 1st period - Ryan Getzlaf wins face-off versus Matthew Lombardi in Stars zone.
16:37 of 1st period - Snap shot by John Tavares.
16:37 of 1st period - Shot Blocked by Jeff Carter.
16:42 of 1st period - Off-side.
16:43 of 1st period - Kyle Wellwood wins face-off versus Jussi Jokinen in neutral zone.
16:52 of 1st period - Slapshot by Chris Kreider.
16:52 of 1st period - Goal by Chris Kreider - Stars : 0 - Flyers : 1.
16:53 of 1st period - John Tavares wins face-off versus Jeff Carter in neutral zone.
17:22 of 1st period - Slapshot by Matthew Lombardi.
17:22 of 1st period - Shot Misses the Net.
17:38 of 1st period - Snap shot by Scott Hartnell.
17:38 of 1st period - Shot Misses the Net.
17:40 of 1st period - Wrist shot by Scott Hartnell.
17:40 of 1st period - Stopped by Cory Schneider with a rebound.
17:42 of 1st period - Slapshot by Shaone Morrisonn.
17:42 of 1st period - Shot Misses the Net.
17:44 of 1st period - Snap shot by Radim Vrbata.
17:44 of 1st period - Shot Blocked by Stefan Ruzicka.
17:46 of 1st period - Snap shot by Radim Vrbata.
17:46 of 1st period - Shot Misses the Net.
17:48 of 1st period - Slapshot by Raphael Diaz.
17:48 of 1st period - Stopped by Cory Schneider without a rebound.
17:49 of 1st period - Jeff Carter wins face-off versus Ryan Getzlaf in Flyers zone.
18:16 of 1st period - Jeff Woywitka is hit by Matt Cooke and loses puck.
18:22 of 1st period - Stephane Robidas is hit by Trevor Daley and loses puck.
18:41 of 1st period - Snap shot by Daniel Cleary.
18:41 of 1st period - Stopped by Cory Schneider without a rebound.
18:42 of 1st period - Jeff Carter wins face-off versus Rickard Wallin in Flyers zone.
19:07 of 1st period - Wayne Simmonds is hit by Michael Frolik and loses puck.
19:40 of 1st period - Snap shot by Scott Hartnell.
19:40 of 1st period - Shot Misses the Net.
Goals for this period are 0 for Stars vs 1 for Flyers.
Shots for this period are 9 for Stars vs 4 for Flyers.
2nd period
0:01 of 2nd period - John Tavares wins face-off versus Jeff Carter in neutral zone.
0:04 of 2nd period - Jeff Woywitka is hit by John Tavares and loses puck.
0:27 of 2nd period - Dany Heatley is hit by Michal Handzus and loses puck.
0:34 of 2nd period - Wrist shot by Michal Handzus.
0:34 of 2nd period - Shot Misses the Net.
0:36 of 2nd period - Slapshot by Raphael Diaz.
0:36 of 2nd period - Stopped by Cory Schneider with a rebound.
0:50 of 2nd period - Backhand shot by Chris Kreider.
0:50 of 2nd period - Stopped by Miika Kiprusoff without a rebound.
0:51 of 2nd period - Ryan Getzlaf wins face-off versus Kyle Wellwood in Stars zone.
1:02 of 2nd period - Snap shot by Jussi Jokinen.
1:02 of 2nd period - Goal by Jussi Jokinen - Stars : 1 - Flyers : 1.
1:03 of 2nd period - Jeff Carter wins face-off versus John Tavares in neutral zone.
1:08 of 2nd period - Slapshot by Jakub Voracek.
1:08 of 2nd period - Goal by Jakub Voracek - Stars : 1 - Flyers : 2.
1:09 of 2nd period - John Tavares wins face-off versus Dany Heatley in neutral zone.
1:16 of 2nd period - Snap shot by Scott Hartnell.
1:16 of 2nd period - Stopped by Cory Schneider without a rebound.
1:17 of 2nd period - John Tavares wins face-off versus Jeff Carter in Flyers zone.
1:34 of 2nd period - Wrist shot by John Tavares.
1:34 of 2nd period - Stopped by Cory Schneider with a rebound.
1:36 of 2nd period - Wrist shot by John Tavares.
1:36 of 2nd period - Stopped by Cory Schneider with a rebound.
1:38 of 2nd period - Wrist shot by Scott Hartnell.
1:38 of 2nd period - Stopped by Cory Schneider without a rebound.
1:39 of 2nd period - Kyle Wellwood wins face-off versus Ryan Getzlaf in Flyers zone.
1:44 of 2nd period - Snap shot by Chris Kreider.
1:44 of 2nd period - Shot Blocked by Michael Frolik.
1:46 of 2nd period - Snap shot by Kyle Wellwood.
1:46 of 2nd period - Stopped by Miika Kiprusoff with a rebound.
2:28 of 2nd period - Wrist shot by Matthew Lombardi.
2:28 of 2nd period - Stopped by Miika Kiprusoff with a rebound.
3:34 of 2nd period - Snap shot by Jeff Carter.
3:34 of 2nd period - Shot Misses the Net.
3:36 of 2nd period - Snap shot by Jeff Woywitka.
3:36 of 2nd period - Flyers goal is going for a video replay.
3:36 of 2nd period - The goal is good.
3:36 of 2nd period - Goal by Jeff Woywitka - Stars : 1 - Flyers : 3.
3:37 of 2nd period - John Tavares wins face-off versus Jeff Carter in neutral zone.
3:54 of 2nd period - Slapshot by Jeff Woywitka.
3:54 of 2nd period - Stopped by Miika Kiprusoff with a rebound.
4:04 of 2nd period - Shaone Morrisonn is hit by Matthew Lombardi and loses puck.
4:58 of 2nd period - Minor Penalty to Shaone Morrisonn for Slashing.
4:59 of 2nd period - Jeff Carter wins face-off versus Michal Handzus in Stars zone.
4:59 of 2nd period - Snap shot by Jakub Voracek.
4:59 of 2nd period - Shot Misses the Net.
5:01 of 2nd period - Slapshot by Jonathan Ericsson.
5:01 of 2nd period - Shot Blocked by Johnny Oduya.
5:03 of 2nd period - Snap shot by Jakub Voracek.
5:03 of 2nd period - Shot Blocked by Daniel Cleary.
5:25 of 2nd period - Trevor Daley is hit by Jeff Woywitka and loses puck.
5:33 of 2nd period - Icing by Wayne Simmonds.
5:34 of 2nd period - Kyle Wellwood wins face-off versus Michal Handzus in Flyers zone.
5:43 of 2nd period - Wrist shot by Chris Kreider.
5:43 of 2nd period - Stopped by Miika Kiprusoff without a rebound.
5:44 of 2nd period - Michal Handzus wins face-off versus Jeff Carter in Stars zone.
6:20 of 2nd period - Slapshot by Kyle Wellwood.
6:20 of 2nd period - Stopped by Miika Kiprusoff without a rebound.
6:21 of 2nd period - Kyle Wellwood wins face-off versus John Tavares in Stars zone.
6:34 of 2nd period - Wrist shot by Kyle Wellwood.
6:34 of 2nd period - Deflect By Chris Kreider.
6:34 of 2nd period - Deflect By John Tavares.
6:34 of 2nd period - Shot Misses the Net.
6:34 of 2nd period - Puck is out of play.
6:35 of 2nd period - Jeff Carter wins face-off versus Michal Handzus in Stars zone.
6:45 of 2nd period - Slapshot by Jonathan Ericsson.
6:45 of 2nd period - Shot Misses the Net.
6:58 of 2nd period - Penalty to Shaone Morrisonn is over, Shaone Morrisonn is back on ice.
7:23 of 2nd period - Icing by Nathan Paetsch.
7:24 of 2nd period - John Tavares wins face-off versus Wayne Simmonds in Flyers zone.
7:35 of 2nd period - Snap shot by Radim Vrbata.
7:35 of 2nd period - Deflect By John Tavares.
7:35 of 2nd period - Deflect By Stephane Robidas.
7:35 of 2nd period - Stopped by Cory Schneider without a rebound.
7:36 of 2nd period - Jeff Carter wins face-off versus Michal Handzus in Flyers zone.
8:05 of 2nd period - Backhand shot by Matthew Lombardi.
8:05 of 2nd period - Stopped by Miika Kiprusoff with a rebound.
8:07 of 2nd period - Slapshot by Jonathan Ericsson.
8:07 of 2nd period - Stopped by Miika Kiprusoff without a rebound.
8:08 of 2nd period - Matthew Lombardi wins face-off versus John Tavares in Stars zone.
8:19 of 2nd period - Johnny Oduya is hit by Matthew Lombardi and loses puck.
8:44 of 2nd period - Slapshot by Jussi Jokinen.
8:44 of 2nd period - Shot Blocked by Stephane Robidas.
8:53 of 2nd period - Chris Kreider is hit by Dustin Penner.
9:33 of 2nd period - Snap shot by Radim Vrbata.
9:33 of 2nd period - Stopped by Cory Schneider without a rebound.
9:34 of 2nd period - Matthew Lombardi wins face-off versus John Tavares in Flyers zone.
9:43 of 2nd period - Snap shot by Stefan Ruzicka.
9:43 of 2nd period - Deflect By Rostislav Olesz.
9:43 of 2nd period - Shot Misses the Net.
9:43 of 2nd period - Puck is out of play.
9:44 of 2nd period - Jeff Carter wins face-off versus Ryan Getzlaf in Stars zone.
9:48 of 2nd period - Minor Penalty to Andrei Markov for Cross-checking.
9:49 of 2nd period - Michal Handzus wins face-off versus Jeff Carter in Stars zone.
9:49 of 2nd period - Michal Handzus is hit by Jakub Voracek.
10:41 of 2nd period - Trevor Daley is hit by Chris Kreider and loses puck.
10:46 of 2nd period - Wrist shot by Chris Kreider.
10:46 of 2nd period - Shot Blocked by Raphael Diaz.
10:48 of 2nd period - Slapshot by Jonathan Ericsson.
10:48 of 2nd period - Deflect By Chris Kreider.
10:48 of 2nd period - Shot Misses the Net.
10:48 of 2nd period - Puck is out of play.
10:49 of 2nd period - Michal Handzus wins face-off versus Jeff Carter in Stars zone.
11:16 of 2nd period - Michal Handzus is hit by Nathan Paetsch and loses puck.
11:33 of 2nd period - Chris Kreider is hit by Trevor Daley and loses puck.
11:48 of 2nd period - Penalty to Andrei Markov is over, Andrei Markov is back on ice.
12:28 of 2nd period - Brian Lashoff is hit by Ryan Getzlaf and loses puck.
12:52 of 2nd period - Stephane Robidas is hit by Brian Lee and loses puck.
13:07 of 2nd period - Stephane Robidas is hit by Rickard Wallin and loses puck.
13:20 of 2nd period - Jakub Voracek is hit by Jussi Jokinen and loses puck.
13:51 of 2nd period - Snap shot by Scott Hartnell.
13:51 of 2nd period - Stopped by Cory Schneider without a rebound.
13:52 of 2nd period - Michal Handzus wins face-off versus Kyle Wellwood in Flyers zone.
14:13 of 2nd period - Minor Penalty to Matt Cooke for Hooking.
14:14 of 2nd period - Jeff Carter wins face-off versus Michal Handzus in Stars zone.
14:31 of 2nd period - Wrist shot by Jeff Carter.
14:31 of 2nd period - Shot Misses the Net.
14:41 of 2nd period - Wayne Simmonds is hit by Dustin Penner and loses puck.
15:48 of 2nd period - Jeff Woywitka is hit by John Tavares and loses puck.
16:13 of 2nd period - Penalty to Matt Cooke is over, Matt Cooke is back on ice.
16:18 of 2nd period - Snap shot by Matt Cooke.
16:18 of 2nd period - Stopped by Cory Schneider without a rebound.
16:19 of 2nd period - Matthew Lombardi wins face-off versus Ryan Getzlaf in Flyers zone.
16:28 of 2nd period - Wrist shot by Ryan Getzlaf.
16:28 of 2nd period - Shot Misses the Net.
16:30 of 2nd period - Wrist shot by Ryan Getzlaf.
16:30 of 2nd period - Stopped by Cory Schneider with a rebound.
16:32 of 2nd period - Slapshot by Trevor Daley.
16:32 of 2nd period - Shot Misses the Net.
16:34 of 2nd period - Snap shot by Brian Lee.
16:34 of 2nd period - Shot Blocked by Nathan Paetsch.
16:36 of 2nd period - Wrist shot by Ryan Getzlaf.
16:36 of 2nd period - Stopped by Cory Schneider with a rebound.
16:52 of 2nd period - Snap shot by John Tavares.
16:52 of 2nd period - Stopped by Cory Schneider without a rebound.
16:53 of 2nd period - John Tavares wins face-off versus Kyle Wellwood in Flyers zone.
17:06 of 2nd period - Snap shot by Chris Kreider.
17:06 of 2nd period - Stopped by Miika Kiprusoff without a rebound.
17:07 of 2nd period - Jakub Voracek wins face-off versus John Tavares in Stars zone.
17:20 of 2nd period - Brian Lee is hit by Jeff Carter and loses puck.
17:55 of 2nd period - Off-side.
17:56 of 2nd period - Matthew Lombardi wins face-off versus Michal Handzus in neutral zone.
17:58 of 2nd period - Nathan Paetsch is hit by Shaone Morrisonn and loses puck.
18:05 of 2nd period - Shaone Morrisonn is hit by Stephane Robidas and loses puck.
18:21 of 2nd period - Icing by Shaone Morrisonn.
18:22 of 2nd period - Jeff Carter wins face-off versus Michal Handzus in Stars zone.
18:22 of 2nd period - Minor Penalty to Jakub Voracek for Interference.
18:23 of 2nd period - Jeff Carter wins face-off versus John Tavares in Flyers zone.
Goals for this period are 1 for Stars vs 2 for Flyers.
Shots for this period are 13 for Stars vs 11 for Flyers.
3rd period
0:01 of 3rd period - John Tavares wins face-off versus Jeff Carter in neutral zone.
0:22 of 3rd period - Penalty to Jakub Voracek is over, Jakub Voracek is back on ice.
0:52 of 3rd period - Snap shot by Dustin Penner.
0:52 of 3rd period - Stopped by Cory Schneider without a rebound.
0:53 of 3rd period - Matthew Lombardi wins face-off versus Rickard Wallin in Flyers zone.
1:08 of 3rd period - Slapshot by Matthew Lombardi.
1:08 of 3rd period - Stopped by Miika Kiprusoff without a rebound.
1:09 of 3rd period - Jeff Carter wins face-off versus Radim Vrbata in Stars zone.
1:46 of 3rd period - Snap shot by Jussi Jokinen.
1:46 of 3rd period - Deflect By Chris Kreider.
1:46 of 3rd period - Goal by Jussi Jokinen - Stars : 2 - Flyers : 3.
1:47 of 3rd period - John Tavares wins face-off versus Jeff Carter in neutral zone.
1:54 of 3rd period - Wrist shot by Scott Hartnell.
1:54 of 3rd period - Shot Blocked by Jeff Woywitka.
2:20 of 3rd period - Ryan Getzlaf is hit by Kyle Wellwood and loses puck.
2:31 of 3rd period - Snap shot by Jussi Jokinen.
2:31 of 3rd period - Deflect By Michael Frolik.
2:31 of 3rd period - Stopped by Cory Schneider with a rebound.
3:05 of 3rd period - Slapshot by Jonathan Ericsson.
3:05 of 3rd period - Shot Misses the Net.
3:09 of 3rd period - Snap shot by Matthew Lombardi.
3:09 of 3rd period - Deflect By Rostislav Olesz.
3:09 of 3rd period - Stopped by Miika Kiprusoff with a rebound.
3:11 of 3rd period - Slapshot by Jeff Woywitka.
3:11 of 3rd period - Shot Blocked by Matt Cooke.
3:13 of 3rd period - Slapshot by Jonathan Ericsson.
3:13 of 3rd period - Stopped by Miika Kiprusoff with a rebound.
3:39 of 3rd period - Minor Penalty to Dany Heatley for High sticking.
3:40 of 3rd period - Jeff Carter wins face-off versus John Tavares in Flyers zone.
4:38 of 3rd period - Jonathan Ericsson is hit by Andrei Markov and loses puck.
5:31 of 3rd period - Nathan Paetsch is hit by John Tavares and loses puck.
5:39 of 3rd period - Penalty to Dany Heatley is over, Dany Heatley is back on ice.
5:50 of 3rd period - Slapshot by Nathan Paetsch.
5:50 of 3rd period - Stopped by Miika Kiprusoff with a rebound.
6:25 of 3rd period - Rickard Wallin is hit by Jakub Voracek and loses puck.
7:10 of 3rd period - John Tavares is hit by Jeff Carter and loses puck.
7:24 of 3rd period - Icing by Rostislav Olesz.
7:25 of 3rd period - Michal Handzus wins face-off versus Matthew Lombardi in Flyers zone.
7:34 of 3rd period - Snap shot by Matt Cooke.
7:34 of 3rd period - Shot Misses the Net.
7:36 of 3rd period - Slapshot by Trevor Daley.
7:36 of 3rd period - Stopped by Cory Schneider without a rebound.
7:37 of 3rd period - Michael Frolik wins face-off versus Dany Heatley in Flyers zone.
7:55 of 3rd period - Minor Penalty to Trevor Daley for Hooking.
7:56 of 3rd period - Michal Handzus wins face-off versus Jeff Carter in Stars zone.
8:32 of 3rd period - Slapshot by Stephane Robidas.
8:32 of 3rd period - Stopped by Miika Kiprusoff with a rebound.
9:00 of 3rd period - Andrei Markov is hit by Nathan Paetsch and loses puck.
9:52 of 3rd period - Jakub Voracek is hit by Jussi Jokinen and loses puck.
9:55 of 3rd period - Penalty to Trevor Daley is over, Trevor Daley is back on ice.
10:27 of 3rd period - Jean-Gabriel Pageau is hit by Trevor Daley.
10:47 of 3rd period - Nathan Paetsch is hit by Evgeny Artyukhin and loses puck.
11:04 of 3rd period - Nathan Paetsch is hit by Raphael Diaz and loses puck.
11:23 of 3rd period - Wayne Simmonds is hit by Dustin Penner and loses puck.
12:08 of 3rd period - Snap shot by Scott Hartnell.
12:08 of 3rd period - Stopped by Cory Schneider with a rebound.
12:30 of 3rd period - Snap shot by Dustin Penner.
12:30 of 3rd period - Shot Blocked by Jonathan Ericsson.
12:32 of 3rd period - Slapshot by Raphael Diaz.
12:32 of 3rd period - Deflect By Rickard Wallin.
12:32 of 3rd period - Shot Misses the Net.
12:32 of 3rd period - Puck is out of play.
12:33 of 3rd period - Kyle Wellwood wins face-off versus Ryan Getzlaf in Flyers zone.
13:07 of 3rd period - Wrist shot by Michal Handzus.
13:07 of 3rd period - Shot Misses the Net.
13:40 of 3rd period - Slapshot by Matthew Lombardi.
13:40 of 3rd period - Stopped by Miika Kiprusoff without a rebound.
13:41 of 3rd period - Ryan Getzlaf wins face-off versus Matthew Lombardi in Stars zone.
14:05 of 3rd period - Brian Lee is hit by Stephane Robidas.
14:06 of 3rd period - Brian Lee from Stars is injured at 14:06 of 3rd period (Sprained Right Finger).
14:07 of 3rd period - Jeff Carter wins face-off versus John Tavares in Stars zone.
14:45 of 3rd period - Off-side.
14:46 of 3rd period - Jeff Carter wins face-off versus Michal Handzus in neutral zone.
14:53 of 3rd period - Wrist shot by Jeff Carter.
14:53 of 3rd period - Stopped by Miika Kiprusoff with a rebound.
14:55 of 3rd period - Snap shot by Stephane Robidas.
14:55 of 3rd period - Shot Blocked by Matt Cooke.
14:57 of 3rd period - Wrist shot by Jakub Voracek.
14:57 of 3rd period - Stopped by Miika Kiprusoff with a rebound.
14:59 of 3rd period - Wrist shot by Jakub Voracek.
14:59 of 3rd period - Shot Misses the Net.
15:01 of 3rd period - Snap shot by Jeff Carter.
15:01 of 3rd period - Shot Blocked by Johnny Oduya.
15:51 of 3rd period - Snap shot by Jeff Carter.
15:51 of 3rd period - Shot Hit the Post.
16:01 of 3rd period - Kyle Wellwood is hit by Radim Vrbata and loses puck.
16:21 of 3rd period - Rostislav Olesz is hit by Raphael Diaz and loses puck.
16:28 of 3rd period - Trevor Daley is hit by Matthew Lombardi.
17:00 of 3rd period - Icing by Ryan Getzlaf.
17:01 of 3rd period - Ryan Getzlaf wins face-off versus Kyle Wellwood in Stars zone.
17:10 of 3rd period - Wrist shot by Matt Cooke.
17:10 of 3rd period - Shot Blocked by Jeff Woywitka.
17:16 of 3rd period - Wrist shot by Michal Handzus.
17:16 of 3rd period - Shot Misses the Net.
17:22 of 3rd period - Minor Penalty to Wayne Simmonds for Holding.
17:23 of 3rd period - John Tavares wins face-off versus Jeff Carter in Flyers zone.
17:55 of 3rd period - Snap shot by Ryan Getzlaf.
17:55 of 3rd period - Stopped by Cory Schneider with a rebound.
17:57 of 3rd period - Wrist shot by Jussi Jokinen.
17:57 of 3rd period - Shot Blocked by Stephane Robidas.
19:22 of 3rd period - Penalty to Wayne Simmonds is over, Wayne Simmonds is back on ice.
19:46 of 3rd period - Stars, Miika Kiprusoff is pulled from the net.
Goals for this period are 1 for Stars vs 0 for Flyers.
Shots for this period are 6 for Stars vs 8 for Flyers.
Back to the Top